AoeStats
← brittsain98

Migration

509500038Analyzed
1v1 RM · 5d ago on Sep 27, 2026· 64m 20s· 2 players
Game mode
Random Map
Map size
132×132
Population
200
Speed
Normal
Resources
Standard
Victory
Conquest
Starting age
Dark Age
Ending age
Imperial Age
RankedLock teamsTeams togetherTeam positionsShared explorationLock speedFull tech treeHidden civsTurbo modeCheats
Victory
Defeat
🇺🇾 Vietnamese · Uruguay
613
+13
🇺🇸 Teutons · United States
558
-20
brittsain98
9:42 Feudal Age
10:54 Double-Bit Axe
12:29 Wheelbarrow
20:59 Castle Age
19:13 Bloodlines
34:51 Scale Barding Armor
43:15 Imperial Age
44:20 Cavalier
45:25 Forging
48:16 Chain Barding Armor
52:58 Medium Warships
55:22 Paladin
dr selalastra
12:28 Feudal Age
14:23 Wheelbarrow
13:37 Horse Collar
13:46 Double-Bit Axe
20:36 Castle Age
18:32 Fletching
21:01 Loom
22:36 Medium Warships
24:01 Hand Cart
25:48 Town Watch
27:00 Bodkin Arrow
31:40 Imperial Age
30:30 Bow Saw
31:55 Padded Archer Armor
32:36 Chatras
34:25 Heavy Warships
34:10 Bracer
36:06 Town Patrol
37:43 Ballistics
37:20 Murder Holes
41:23 Paper Money
43:04 Chemistry
44:42 Elite Rattan Archer
50:59 Elite Cannon Galleon
Connection lost

Rejoining the realm…

Still unreachable

The connection could not be restored.

Session expired

The server has moved on; the page needs a fresh start.